AoeStats
← MH040306

Black Forest

509060235Analyzed
2v2 RM · 7d ago on Sep 25, 2026· 68m 50s· 4 players
Game mode
Random Map
Map size
Medium (4 player)
Population
200
Speed
Normal
Resources
Standard
Victory
Conquest
Starting age
Dark Age
Ending age
Imperial Age
RankedLock teamsTeams togetherTeam positionsShared explorationLock speedFull tech treeHidden civsTurbo modeCheats
Victory
Defeat
🇩🇪 Teutons · Germany
1204
+17
🇩🇪 Hindustanis · Germany
1195
+17
🇨🇳 Romans · China
1222
-17
🇨🇳 Koreans · China
1222
-17
Obi Lan
1:22 Loom
12:15 Feudal Age
12:38 Horse Collar
12:48 Double-Bit Axe
21:20 Castle Age
20:07 Wheelbarrow
22:36 Heavy Plow
24:21 Man-at-Arms
29:22 Bow Saw
29:17 Gold Mining
29:57 Stone Mining
30:37 Fortified Wall
31:00 Scale Mail Armor
31:11 Forging
36:38 Imperial Age
34:40 Hand Cart
35:33 Chain Mail Armor
35:54 Iron Casting
35:43 Ballistics
36:42 Elite Teutonic Knight
37:49 Conscription
39:37 Plate Mail Armor
40:13 Blast Furnace
39:17 Onager
40:48 Fletching
41:38 Crenellations
41:57 Bodkin Arrow
45:09 Guilds
47:35 Masonry
48:04 Hoardings
47:25 Siege Onager
48:30 Ironclad
48:53 Stone Shaft Mining
48:52 Crop Rotation
52:26 Caravan
52:52 Squires
52:37 Arson
53:59 Blast Furnace
54:53 Two-Man Saw
54:04 Siege Engineers
Tonok
0:57 Loom
13:26 Feudal Age
18:23 Castle Age
16:09 Horse Collar
17:17 Double-Bit Axe
18:23 Gold Mining
19:43 Fishing Lines
20:44 Bow Saw
21:43 Gillnets
22:49 Stone Mining
25:32 Scale Barding Armor
25:38 Forging
29:47 Imperial Age
28:00 Bloodlines
29:20 Gold Shaft Mining
30:01 Caravan
30:39 Heavy Camel Rider
31:20 Husbandry
34:30 Two-Man Saw
34:46 Fletching
35:16 Chain Barding Armor
35:32 Iron Casting
36:16 Chemistry
35:42 Heavy Plow
36:20 Masonry
36:13 Imperial Camel Rider
37:58 Siege Engineers
42:36 Coinage
43:27 Plate Barding Armor
43:52 Blast Furnace
46:37 Light Cavalry
48:17 Wheelbarrow
47:27 Town Watch
48:11 Hussar
50:33 Hand Cart
52:34 Conscription
55:31 Man-at-Arms
60:07 Long Swordsman
60:48 Squires
60:47 Bodkin Arrow
62:31 Two-Handed Swordsman
64:28 Banking
67:50 Champion
Yukikaze_sama
0:32 Loom
11:37 Feudal Age
15:35 Castle Age
13:24 Double-Bit Axe
16:39 Bow Saw
18:45 Scale Mail Armor
21:01 Man-at-Arms
22:06 Long Swordsman
30:14 Chain Mail Armor
30:28 Squires
33:09 Imperial Age
31:59 Gold Mining
33:14 Ballistas
33:59 Gold Shaft Mining
33:50 Forging
33:13 Capped Ram
35:02 Horse Collar
36:33 Iron Casting
37:30 Wheelbarrow
37:06 Heavy Plow
37:03 Stone Mining
38:21 Crop Rotation
38:05 Legionary
39:43 Siege Engineers
39:59 Ballistics
41:05 Blast Furnace
40:06 Siege Ram
40:33 Pikeman
41:01 Heavy Scorpion
44:36 Fletching
47:12 Chemistry
48:48 Halberdier
52:17 Fortified Wall
52:18 Masonry
52:05 Murder Holes
52:07 Bodkin Arrow
55:04 Coinage
56:57 Caravan
57:13 Guilds
59:26 Scale Barding Armor
65:09 Light Cavalry
65:59 Bloodlines
65:49 Husbandry
MH040306
0:26 Loom
13:23 Feudal Age
18:58 Castle Age
17:37 Double-Bit Axe
18:32 Stone Mining
21:12 Horse Collar
24:28 Wheelbarrow
26:27 Bow Saw
29:19 Ballistics
28:56 Fletching
29:31 Fletching
34:15 Imperial Age
33:34 Masonry
33:21 Murder Holes
33:37 Fortified Wall
35:37 Conscription
34:39 Elite War Wagon
35:44 Shinkichon
34:55 Heavy Rocket Cart
37:41 Chemistry
37:13 Gold Mining
38:48 Siege Engineers
38:25 Treadmill Crane
39:44 Hand Cart
39:15 Town Watch
40:07 Architecture
39:23 Arrowslits
49:56 Bodkin Arrow
54:30 Light Cavalry
55:12 Husbandry
56:00 Hussar
56:47 Scale Barding Armor
56:43 Bracer
56:54 Forging
58:11 Chain Barding Armor
58:58 Scale Mail Armor
59:34 Iron Casting
60:40 Caravan
Connection lost

Rejoining the realm…

Still unreachable

The connection could not be restored.

Session expired

The server has moved on; the page needs a fresh start.